TOP OF THE 1ST |
Las Vegas Stars batting - Pitching for Lansing Lugnuts : RHP Arturo Leal
|
Pitching: RHP Arturo Leal
|
|
Batting: RHB Xin Zhang
|
0-0: Ball 1-0: Ball 2-0: Foul Ball, location: 2F 2-1: SINGLE (Groundball, 4MD)
|
Batting: RHB Joe Scott
|
0-0: Grounds into double play, 4-6-3 (Groundball, 34)
|
Batting: LHB Eliot Helen
|
0-0: Called Strike 0-1: Ball 1-1: Called Strike 1-2: Ball 2-2: Foul Ball, location: 2F 2-2: SINGLE (Line Drive, 4MD)
|
Batting: RHB Mike Mills
|
0-0: Ball 1-0: Called Strike 1-1: Ball 2-1: Foul Ball, location: 2F 2-2: Fly out, F5 (Popup, 25)
|
Top of the 1st over - 0 run(s), 2 hit(s), 0 error(s), 1 left on base; Las Vegas 0 - Lansing 0 |
BOTTOM OF THE 1ST |
Lansing Lugnuts batting - Pitching for Las Vegas Stars : RHP Ramón Pérez
|
Pitching: RHP Ramón Pérez
|
|
Batting: RHB Matt Silver
|
0-0: Ball 1-0: Ball 2-0: Called Strike 2-1: Foul Ball, location: 2F 2-2: Fly out, F9 (Flyball, 9S)
|
Batting: LHB Juan Colón
|
0-0: Ball 1-0: Called Strike 1-1: Ball 2-1: Foul Ball, location: 2F 2-2: Ball 3-2: Reached on error, E3 (Groundball, 3)
|
Batting: RHB Jim Tracy
|
0-0: Ball Juan Colón steals 2nd base 1-0: Foul Ball, location: 2F 1-1: Ball 2-1: Ball 3-1: Base on Balls
|
Batting: RHB Júlio Caraballo
|
0-0: Ball 1-0: Ball 2-0: Called Strike Jim Tracy is caught stealing 2nd base 2-1: Swinging Strike 2-2: Ball 3-2: Fly out, F8 (Flyball, 8RXD)
|
Bottom of the 1st over - 0 run(s), 0 hit(s), 1 error(s), 1 left on base; Las Vegas 0 - Lansing 0 |
TOP OF THE 2ND |
Las Vegas Stars batting - Pitching for Lansing Lugnuts : RHP Arturo Leal
|
Batting: LHB Fernando De La Cruz
|
0-0: DOUBLE (Flyball, 9LD)
|
Batting: RHB Matthieu Vancini
|
0-0: Ball 1-0: Foul Ball, location: 2F 1-1: Ball 2-1: Foul Ball, location: 2F 2-2: Ball 3-2: Foul Ball, location: 2F 3-2: Fly out, F4 (Popup, 4D)
|
Batting: RHB Ryan Campbell
|
0-0: DOUBLE (Line Drive, 7LM) Fernando De La Cruz scores
|
Batting: LHB Evan Slootweg
|
0-0: Ball 1-0: Ball 2-0: Ball 3-0: Called Strike 3-1: 2-RUN HOME RUN (Line Drive, 9D), Distance : 382 ft
|
Batting: RHB Bud Major
|
0-0: Called Strike 0-1: Swinging Strike 0-2: Ball 1-2: Foul Ball, location: 2F 1-2: Ball 2-2: DOUBLE (Line Drive, 7LS)
|
Batting: RHB Xin Zhang
|
0-0: Ground out 5-3 (Groundball, 56S) Bud Major to third
|
Batting: RHB Joe Scott
|
0-0: Foul Ball, location: 2F 0-1: Fly out, F2 (Popup, 23F)
|
Top of the 2nd over - 3 run(s), 4 hit(s), 0 error(s), 1 left on base; Las Vegas 3 - Lansing 0 |
BOTTOM OF THE 2ND |
Lansing Lugnuts batting - Pitching for Las Vegas Stars : RHP Ramón Pérez
|
Batting: LHB Jeffrey Satterley
|
0-0: Ball 1-0: Ball 2-0: Called Strike 2-1: SINGLE (Line Drive, 7S)
|
Batting: RHB Sadao Kimura
|
0-0: Ball 1-0: Foul Ball, location: 2F 1-1: Ball 2-1: Ball 3-1: Called Strike 3-2: Strikes out swinging
|
Batting: RHB Taki Chikafuji
|
0-0: Called Strike Jeffrey Satterley steals 2nd base 0-1: Ball 1-1: Called Strike Jeffrey Satterley steals 3rd base 1-2: Ball 2-2: Fly out, F8 (Flyball, 8RM) Runner from 3rd tags up, SCORES, no throw
|
Batting: LHB Francisco Marino
|
0-0: Ball 1-0: DOUBLE (Flyball, 8LXD)
|
Batting: RHB Michael Woodruff
|
0-0: Foul Ball, location: 2F 0-1: Foul Ball, location: 2F 0-2: Ball 1-2: Foul Ball, location: 2F 1-2: Ball 2-2: Ball 3-2: Base on Balls
|
Batting: RHB Matt Silver
|
0-0: Ball 1-0: Ball 2-0: Ball Wild Pitch! Francisco Marino to third Michael Woodruff to second 3-0: Base on Balls
|
Batting: LHB Juan Colón
|
0-0: Ball 1-0: Fly out, F6 (Popup, 5)
|
Bottom of the 2nd over - 1 run(s), 2 hit(s), 0 error(s), 3 left on base; Las Vegas 3 - Lansing 1 |
TOP OF THE 3RD |
Las Vegas Stars batting - Pitching for Lansing Lugnuts : RHP Arturo Leal
|
Batting: LHB Eliot Helen
|
0-0: Ball 1-0: Fly out, F7 (Flyball, 78M)
|
Batting: RHB Mike Mills
|
0-0: Called Strike 0-1: Swinging Strike 0-2: Fly out, F8 (Flyball, 8LXD)
|
Now in CF: Sam Barnes
|
|
Batting: LHB Fernando De La Cruz
|
0-0: Called Strike 0-1: Ball 1-1: Ball 2-1: Foul Ball, location: 2F 2-2: SINGLE (Groundball, 34D)
|
Batting: RHB Matthieu Vancini
|
0-0: Foul Ball, location: 2F 0-1: Ball 1-1: Reached on Error, E8 (Line Drive, 8RM) Fernando De La Cruz to third
|
Batting: RHB Ryan Campbell
|
0-0: Ball 1-0: Called Strike 1-1: Foul Ball, location: 2F 1-2: Fly out, F2 (Popup, 2LF)
|
Top of the 3rd over - 0 run(s), 1 hit(s), 1 error(s), 2 left on base; Las Vegas 3 - Lansing 1 |
BOTTOM OF THE 3RD |
Lansing Lugnuts batting - Pitching for Las Vegas Stars : RHP Ramón Pérez
|
Batting: RHB Jim Tracy
|
0-0: Ball 1-0: Ball 2-0: Ball 3-0: Called Strike 3-1: Base on Balls
|
Batting: RHB Júlio Caraballo
|
0-0: Ball 1-0: Swinging Strike 1-1: Called Strike 1-2: Foul Ball, location: 2F 1-2: Strikes out swinging
|
Batting: LHB Jeffrey Satterley
|
0-0: Ball 1-0: Swinging Strike 1-1: Called Strike 1-2: Foul Ball, location: 2F 1-2: Foul Ball, location: 2F 1-2: SINGLE (Line Drive, 6MD) Jim Tracy to second
|
Batting: LHB Sam Barnes
|
0-0: Ball 1-0: Ball 2-0: Ball Wild Pitch! Jim Tracy to third Jeffrey Satterley to second 3-0: Foul Ball, location: 2F 3-1: Swinging Strike 3-2: Ground out 3-1 (Groundball, 34) Jim Tracy scores Jeffrey Satterley to third
|
Pitching: RHP Young-lau Si-ma
|
|
Batting: RHB Taki Chikafuji
|
0-0: Called Strike 0-1: Ball 1-1: Fly out, F7 (Flyball, 78D)
|
Bottom of the 3rd over - 1 run(s), 1 hit(s), 0 error(s), 1 left on base; Las Vegas 3 - Lansing 2 |
TOP OF THE 4TH |
Las Vegas Stars batting - Pitching for Lansing Lugnuts : RHP Arturo Leal
|
Batting: LHB Evan Slootweg
|
0-0: Called Strike 0-1: Ground out 4-3 (Groundball, 4M)
|
Batting: RHB Bud Major
|
0-0: Swinging Strike 0-1: SINGLE (Groundball, 4D)
|
Pitching: RHP Roland Harrison
|
|
Batting: RHB Xin Zhang
|
0-0: Ball 1-0: Ball 2-0: Ball 3-0: Base on Balls Bud Major to second
|
Batting: RHB Joe Scott
|
0-0: Ball 1-0: Grounds into double play, 6-4-3 (Groundball, 6)
|
Top of the 4th over - 0 run(s), 1 hit(s), 0 error(s), 1 left on base; Las Vegas 3 - Lansing 2 |
BOTTOM OF THE 4TH |
Lansing Lugnuts batting - Pitching for Las Vegas Stars : RHP Young-lau Si-ma
|
Batting: LHB Francisco Marino
|
0-0: Called Strike 0-1: Foul Ball, location: 2F 0-2: Ball 1-2: DOUBLE (Line Drive, 8LXD)
|
Batting: RHB Michael Woodruff
|
0-0: Called Strike 0-1: Ball 1-1: Called Strike 1-2: Strikes out swinging
|
Batting: RHB Matt Silver
|
0-0: Called Strike 0-1: Swinging Strike 0-2: Ball 1-2: Ball 2-2: Ball 3-2: Base on Balls
|
Batting: LHB Juan Colón
|
0-0: Ball Francisco Marino steals 3rd base Matt Silver to second 1-0: Ball 2-0: Ball 3-0: Called Strike 3-1: Base on Balls
|
Batting: RHB Jim Tracy
|
0-0: Fly out, F4 (Line Drive, 4)
|
Batting: RHB Júlio Caraballo
|
0-0: Called Strike 0-1: Ball 1-1: Foul Ball, location: 2F 1-2: SINGLE (Groundball, 4MD) Francisco Marino scores Matt Silver to third Juan Colón to second Runner from 3rd tries for Home, SAFE, no throw or cutoff
|
Batting: LHB Jeffrey Satterley
|
0-0: Swinging Strike 0-1: Ball 1-1: Ball 2-1: Ball 3-1: Base on Balls Juan Colón to third Júlio Caraballo to second
|
Batting: LHB Sam Barnes
|
0-0: Called Strike 0-1: Ball 1-1: DOUBLE (Flyball, 7LD) Juan Colón scores Júlio Caraballo scores Jeffrey Satterley to third Runner from 3rd tries for Home, SAFE, no throw or cutoff
|
Pitching: RHP Juan Herrera
|
|
Batting: RHB Taki Chikafuji
|
0-0: Fly out, F9 (Flyball, 9LM)
|
Bottom of the 4th over - 5 run(s), 3 hit(s), 0 error(s), 1 left on base; Las Vegas 3 - Lansing 7 |
TOP OF THE 5TH |
Las Vegas Stars batting - Pitching for Lansing Lugnuts : RHP Roland Harrison
|
Batting: LHB Eliot Helen
|
0-0: Called Strike 0-1: Ball 1-1: Ball 2-1: Ball 3-1: Swinging Strike 3-2: Base on Balls
|
Batting: RHB Mike Mills
|
0-0: Called Strike 0-1: Ball 1-1: Ball 2-1: Ground out 4-3 (Groundball, 13) Eliot Helen to second
|
Batting: LHB Fernando De La Cruz
|
0-0: Ball 1-0: Foul Ball, location: 2F 1-1: Fly out, F8 (Line Drive, 8RXD) Runner from 2nd tags up, SAFE at 3rd, no throw
|
Batting: RHB Matthieu Vancini
|
0-0: Ball 1-0: Ball 2-0: Fly out, F8 (Flyball, 8RM)
|
Top of the 5th over - 0 run(s), 0 hit(s), 0 error(s), 1 left on base; Las Vegas 3 - Lansing 7 |
BOTTOM OF THE 5TH |
Lansing Lugnuts batting - Pitching for Las Vegas Stars : RHP Juan Herrera
|
Batting: LHB Francisco Marino
|
0-0: Ball 1-0: Swinging Strike 1-1: Foul Ball, location: 2F 1-2: Foul Ball, location: 2F 1-2: Ball 2-2: Strikes out swinging
|
Batting: RHB Michael Woodruff
|
0-0: Called Strike 0-1: Swinging Strike 0-2: Strikes out swinging
|
Batting: RHB Matt Silver
|
0-0: Called Strike 0-1: Called Strike 0-2: Ball 1-2: Ball 2-2: Foul Ball, location: 2F 2-2: Strikes out swinging
|
Bottom of the 5th over - 0 run(s), 0 hit(s), 0 error(s), 0 left on base; Las Vegas 3 - Lansing 7 |
TOP OF THE 6TH |
Las Vegas Stars batting - Pitching for Lansing Lugnuts : RHP Roland Harrison
|
Pitching: LHP Sergio Vargas
|
|
Batting: RHB Ryan Campbell
|
0-0: Ball 1-0: Ball 2-0: Called Strike 2-1: Swinging Strike 2-2: Foul Ball, location: 2F 2-2: Strikes out swinging
|
Batting: LHB Evan Slootweg
|
0-0: Foul Ball, location: 2F 0-1: Swinging Strike 0-2: Strikes out swinging
|
Batting: RHB Bud Major
|
0-0: Ball 1-0: Called Strike 1-1: Ground out 5-3 (Groundball, 56S)
|
Top of the 6th over - 0 run(s), 0 hit(s), 0 error(s), 0 left on base; Las Vegas 3 - Lansing 7 |
BOTTOM OF THE 6TH |
Lansing Lugnuts batting - Pitching for Las Vegas Stars : RHP Juan Herrera
|
Batting: LHB Juan Colón
|
0-0: Called Strike 0-1: Called Strike 0-2: Ball 1-2: Ball 2-2: Ball 3-2: Base on Balls
|
Batting: RHB Jim Tracy
|
0-0: Ball 1-0: Ball 2-0: Foul Ball, location: 2F 2-1: Ball 3-1: DOUBLE (Line Drive, 7LD) Juan Colón to third Runner from 3rd tries for Home, SAFE, no throw or cutoff
|
Batting: RHB Júlio Caraballo
|
0-0: Ball 1-0: Ball 2-0: Called Strike 2-1: Foul Ball, location: 2F 2-2: Reached on error, E2 (Groundball, 2R) Jim Tracy scores
|
Batting: LHB Jeffrey Satterley
|
0-0: Ball 1-0: Ball 2-0: DOUBLE (Line Drive, 8RXD) Júlio Caraballo scores
|
Batting: LHB Sam Barnes
|
0-0: Called Strike 0-1: Ball 1-1: SINGLE (Line Drive, 4D) Jeffrey Satterley to third Runner from 3rd tries for Home, SAFE, no throw or cutoff
|
Pitching: RHP Bryan Avery
|
|
Batting: RHB Taki Chikafuji
|
0-0: Called Strike Sam Barnes steals 2nd base 0-1: Ball 1-1: Ball 2-1: Fly out, F9 (Flyball, 9D) Runner from 2nd tags up, SAFE at 3rd, no throw
|
Batting: LHB Francisco Marino
|
0-0: Ball 1-0: Foul Ball, location: 2F 1-1: Ball 2-1: Swinging Strike 2-2: Ball 3-2: Foul Ball, location: 2F 3-2: Base on Balls
|
Batting: RHB Michael Woodruff
|
0-0: Called Strike 0-1: Ball Wild Pitch! Sam Barnes scores Francisco Marino to second 1-1: SINGLE (Groundball, 4M) Francisco Marino to third Runner from 3rd tries for Home, throw and OUT!
|
Batting: RHB Matt Silver
|
0-0: Fly out, F6 (Popup, 6MD)
|
Bottom of the 6th over - 5 run(s), 4 hit(s), 1 error(s), 1 left on base; Las Vegas 3 - Lansing 12 |
TOP OF THE 7TH |
Las Vegas Stars batting - Pitching for Lansing Lugnuts : LHP Sergio Vargas
|
Batting: RHB Xin Zhang
|
0-0: Called Strike 0-1: Fly out, F7 (Flyball, 7LD)
|
Batting: RHB Joe Scott
|
0-0: Ball 1-0: Swinging Strike 1-1: Foul Ball, location: 2F 1-2: Ball 2-2: Strikes out looking
|
Batting: LHB Eliot Helen
|
0-0: Ball 1-0: Called Strike 1-1: Ball 2-1: Foul Ball, location: 2F 2-2: Ground out U3 (Groundball, 3)
|
Top of the 7th over - 0 run(s), 0 hit(s), 0 error(s), 0 left on base; Las Vegas 3 - Lansing 12 |
BOTTOM OF THE 7TH |
Lansing Lugnuts batting - Pitching for Las Vegas Stars : RHP Bryan Avery
|
Batting: LHB Juan Colón
|
0-0: Ball 1-0: Foul Ball, location: 2F 1-1: Foul Ball, location: 2F 1-2: Foul Ball, location: 2F 1-2: Foul Ball, location: 2F 1-2: Foul Ball, location: 2F 1-2: Ball 2-2: Ball 3-2: Ground out U3 (Groundball, 3)
|
Batting: RHB Jim Tracy
|
0-0: Called Strike 0-1: Ball 1-1: Foul Ball, location: 2F 1-2: Ball 2-2: Ball 3-2: Foul Ball, location: 2F 3-2: Base on Balls
|
Batting: RHB Júlio Caraballo
|
0-0: SINGLE (Groundball, 5D) Jim Tracy to second
|
Batting: LHB Jeffrey Satterley
|
0-0: Called Strike 0-1: DOUBLE (Line Drive, 7LS) Jim Tracy scores Júlio Caraballo to third
|
Batting: LHB Sam Barnes
|
0-0: Foul Ball, location: 2F 0-1: Ball 1-1: Ball 2-1: Ball 3-1: Swinging Strike 3-2: Base on Balls
|
Pitching: RHP Oliver Donahue
|
|
Batting: RHB Taki Chikafuji
|
0-0: Ball 1-0: Foul Ball, location: 2F 1-1: Called Strike 1-2: Ground out 6-3 (Groundball, 6MS) Júlio Caraballo scores Jeffrey Satterley to third Sam Barnes to second
|
Batting: LHB Francisco Marino
|
0-0: Ball 1-0: Ball 2-0: Called Strike 2-1: Ball 3-1: Base on Balls
|
Batting: RHB Michael Woodruff
|
0-0: Ball 1-0: Foul Ball, location: 2F 1-1: Called Strike 1-2: Foul Ball, location: 2F 1-2: Ball 2-2: Fly out, F8 (Flyball, 8RM)
|
Bottom of the 7th over - 2 run(s), 2 hit(s), 0 error(s), 3 left on base; Las Vegas 3 - Lansing 14 |
TOP OF THE 8TH |
Las Vegas Stars batting - Pitching for Lansing Lugnuts : LHP Sergio Vargas
|
Pitching: RHP Nicoláo Gericota
|
|
Batting: RHB Mike Mills
|
0-0: Ball 1-0: Ball 2-0: Called Strike 2-1: Called Strike 2-2: Strikes out swinging
|
Pinch Hitting: SHB Sloan James
|
0-0: Called Strike 0-1: Called Strike 0-2: Strikes out swinging
|
Batting: RHB Matthieu Vancini
|
0-0: Fly out, F3 (Popup, 4)
|
Top of the 8th over - 0 run(s), 0 hit(s), 0 error(s), 0 left on base; Las Vegas 3 - Lansing 14 |
BOTTOM OF THE 8TH |
Lansing Lugnuts batting - Pitching for Las Vegas Stars : RHP Oliver Donahue
|
Now at 1B: Sloan James
|
|
Batting: RHB Matt Silver
|
0-0: Ball 1-0: Called Strike 1-1: Foul Ball, location: 2F 1-2: Foul Ball, location: 2F 1-2: Fly out, F5 (Popup, 5SF)
|
Batting: LHB Juan Colón
|
0-0: Ball 1-0: SINGLE (Line Drive, 89S)
|
Batting: RHB Jim Tracy
|
0-0: Called Strike 0-1: Ball Juan Colón steals 2nd base 1-1: Ball 2-1: Foul Ball, location: 2F 2-2: Foul Ball, location: 2F 2-2: Foul Ball, location: 2F 2-2: Foul Ball, location: 2F 2-2: Foul Ball, location: 2F 2-2: Ball 3-2: Foul Ball, location: 2F 3-2: Ground out 4-3 (Groundball, 4M) Juan Colón to third
|
Batting: RHB Júlio Caraballo
|
0-0: Ball 1-0: Ball 2-0: Ball 3-0: Base on Balls
|
Batting: LHB Jeffrey Satterley
|
0-0: Ball 1-0: Fly out, F7 (Flyball, 7M)
|
Bottom of the 8th over - 0 run(s), 1 hit(s), 0 error(s), 2 left on base; Las Vegas 3 - Lansing 14 |
TOP OF THE 9TH |
Las Vegas Stars batting - Pitching for Lansing Lugnuts : RHP Nicoláo Gericota
|
Now in RF: Mario Martínez
|
|
Batting: RHB Ryan Campbell
|
0-0: DOUBLE (Flyball, 78D)
|
Batting: LHB Evan Slootweg
|
0-0: Ball 1-0: Ball 2-0: Ball 3-0: Foul Ball, location: 2F 3-1: Swinging Strike 3-2: Foul Ball, location: 2F 3-2: Foul Ball, location: 2F 3-2: Strikes out looking
|
Batting: RHB Bud Major
|
0-0: Ball 1-0: Foul Ball, location: 2F 1-1: Called Strike 1-2: Foul Ball, location: 2F 1-2: Ground out 6-3 (Groundball, 6D)
|
Batting: RHB Xin Zhang
|
0-0: Swinging Strike 0-1: Swinging Strike 0-2: Strikes out swinging
|
Top of the 9th over - 0 run(s), 1 hit(s), 0 error(s), 1 left on base; Las Vegas 3 - Lansing 14 |
|